[ AOE2 MATCH · #481291966 ]
Team RMLithuanians vs Goths
[ REPLAY ANALYSIS · EXTRACTED FROM THE RECORDED GAME ]
Feudal
12:17
Castle
17:57
Imperial
33:35
| APM avg | 23.7 |
| APM peak | 61 |
| eAPM avg | 14.1 |
| Villagers / military | 136 / 135 |
Focus
⚔️ 27.7% · 🌾 72.3%
Skirmisher ×82 · Leitis ×33 · Spearman ×12 · Monk ×5 · Archer ×2 · Trebuchet (Packed) ×1
Feudal
11:47
Castle
15:17
Imperial
30:32
| APM avg | 46.9 |
| APM peak | 97 |
| eAPM avg | 32.5 |
| Villagers / military | 139 / 285 |
Focus
⚔️ 22.3% · 🌾 77.7%
Spearman ×210 · Huskarl ×61 · Trebuchet (Packed) ×6 · Mangonel ×4 · Bombard Cannon ×4
Feudal
10:01
Castle
15:25
Imperial
41:45
| APM avg | 13.1 |
| APM peak | 39 |
| eAPM avg | 9.7 |
| Villagers / military | 80 / 37 |
Focus
⚔️ 28.2% · 🌾 71.8%
Spearman ×18 · Arambai ×9 · Mangonel ×5 · Knight ×2 · Petard ×1 · Battle Elephant ×1
Feudal
12:08
Castle
16:54
Imperial
29:24
| APM avg | 25.3 |
| APM peak | 58 |
| eAPM avg | 17.8 |
| Villagers / military | 117 / 148 |
Focus
⚔️ 21.1% · 🌾 78.9%
Knight ×142 · Battering Ram ×6
Feudal
12:46
Castle
21:59
Imperial
31:57
| APM avg | 12.7 |
| APM peak | 40 |
| eAPM avg | 8.8 |
| Villagers / military | 109 / 67 |
Focus
⚔️ 17.7% · 🌾 82.3%
Hussite Wagon ×56 · Trade Cart ×35 · Bombard Cannon ×11
Feudal
11:25
Castle
15:31
Imperial
29:00
| APM avg | 17.4 |
| APM peak | 49 |
| eAPM avg | 13.0 |
| Villagers / military | 220 / 169 |
Focus
⚔️ 26.7% · 🌾 73.3%
Spearman ×75 · Archer ×74 · Mangonel ×8 · Trebuchet (Packed) ×8 · Skirmisher ×4
Feudal
11:26
Castle
18:17
Imperial
37:34
| APM avg | 34.6 |
| APM peak | 74 |
| eAPM avg | 25.7 |
| Villagers / military | 131 / 137 |
Focus
⚔️ 29.5% · 🌾 70.5%
Spearman ×51 · Woad Raider ×33 · Battering Ram ×26 · Scorpion ×23 · Mangonel ×4
Feudal
11:10
Castle
15:14
Imperial
29:11
| APM avg | 38.1 |
| APM peak | 82 |
| eAPM avg | 21.3 |
| Villagers / military | 209 / 232 |
Focus
⚔️ 26.6% · 🌾 73.4%
Spearman ×160 · Scout Cavalry ×42 · Cavalry Archer ×24 · Bombard Cannon ×4 · Monk ×2
Match map
Initial resources + every placement click. Lines = walls · curves = elevation contours. ◆ gold · ⬟ stone · ● berries · ✦ relic · ◌ wall gap
Your base· ✓ Closed at 17:57 · 7t walls · 3 gate(s)
Souzirou's base· ✓ Closed at 15:17 · 0t walls · 3 gate(s)
mikesandwash's base· ✓ Closed at 15:25 · 0t walls · 3 gate(s)
高老头子's base· ✓ Closed at 16:54 · 0t walls · 2 gate(s)
泡面型男's base· ✓ Closed at 21:59 · 0t walls · 3 gate(s)
AJAAAY's base· ✓ Closed at 15:31 · 0t walls · 2 gate(s)
昭昭思林渊's base· ✓ Closed at 18:17 · 0t walls · 2 gate(s)
just_handsome's base· ✓ Closed at 15:14 · 0t walls · 3 gate(s)
Smoothed initial terrain · ◌ = detected wall gap · hover for details
Inputs per minute
— roganjosh - - Souzirou
Build order — roganjosh
First 150 of 361 actions detected
| 0:03 | Build | House |
| 0:06 | Build | House |
| 0:07 | Create | Villager (Male) |
| 0:07 | Create | Villager (Male) |
| 0:07 | Create | Villager (Male) |
| 0:08 | Create | Villager (Male) |
| 0:28 | Create | Villager (Male) |
| 0:28 | Create | Villager (Male) |
| 1:32 | Create | Villager (Male) |
| 2:03 | Create | Villager (Male) |
| 2:28 | Create | Villager (Male) |
| 2:55 | Build | Lumber Camp |
| 2:58 | Create | Villager (Male) |
| 2:58 | Create | Villager (Male) |
| 2:58 | Create | Villager (Male) |
| 3:06 | Build | House |
| 3:08 | Build | House |
| 4:02 | Create | Villager (Male) |
| 4:03 | Create | Villager (Male) |
| 4:43 | Create | Villager (Male) |
| 4:43 | Create | Villager (Male) |
| 5:10 | Create | Villager (Male) |
| 5:25 | Build | Mill |
| 5:29 | Create | Villager (Male) |
| 6:06 | Create | Villager (Male) |
| 6:07 | Create | Villager (Male) |
| 6:20 | Create | Villager (Male) |
| 6:20 | Create | Villager (Male) |
| 6:55 | Build | Mill |
| 7:28 | Build | House |
| 7:29 | Build | House |
| 7:45 | Build | House |
| 7:46 | Build | House |
| 8:31 | Create | Villager (Male) |
| 8:31 | Create | Villager (Male) |
| 8:31 | Create | Villager (Male) |
| 8:58 | Build | Mining Camp |
| 9:27 | Research | Feudal Age |
| 9:27 | Research | Loom |
| 10:16 | Create | Villager (Male) |
| 10:16 | Create | Villager (Male) |
| 11:28 | Build | Farm |
| 11:29 | Build | Farm |
| 11:40 | Build | Barracks |
| 11:57 | Build | Farm |
| 12:17 | Age | Feudal Age |
| 12:35 | Create | Spearman |
| 12:35 | Create | Spearman |
| 12:49 | Create | Villager (Male) |
| 12:49 | Create | Villager (Male) |
| 12:55 | Build | Farm |
| 12:56 | Build | Farm |
| 12:58 | Build | Farm |
| 13:08 | Build | Blacksmith |
| 13:12 | Create | Villager (Male) |
| 13:12 | Create | Villager (Male) |
| 13:38 | Research | Double-Bit Axe |
| 13:44 | Create | Villager (Male) |
| 14:20 | Build | Stable |
| 14:41 | Build | Farm |
| 14:45 | Build | Farm |
| 15:17 | Research | Castle Age |
| 15:23 | Build | Farm |
| 15:32 | Build | Farm |
| 15:40 | Build | Farm |
| 15:46 | Build | Farm |
| 15:51 | Build | Farm |
| 16:08 | Build | Farm |
| 16:11 | Create | Villager (Male) |
| 16:11 | Create | Villager (Male) |
| 16:20 | Create | Villager (Male) |
| 16:31 | Build | Mining Camp |
| 17:44 | Build | Stone Wall |
| 17:48 | Build | Gate |
| 17:48 | Build | Gate |
| 17:57 | Age | Castle Age |
| 18:12 | Build | Town Center |
| 18:18 | Build | Monastery |
| 18:39 | Build | Town Center |
| 19:01 | Create | Villager (Male) |
| 19:02 | Create | Villager (Male) |
| 19:03 | Create | Villager (Male) |
| 19:13 | Create | Villager (Male) |
| 19:13 | Create | Villager (Male) |
| 19:13 | Create | Villager (Male) |
| 19:15 | Create | Villager (Male) |
| 19:16 | Create | Villager (Male) |
| 19:58 | Create | Villager (Male) |
| 19:58 | Create | Villager (Male) |
| 19:58 | Create | Villager (Male) |
| 20:00 | Create | Villager (Male) |
| 20:00 | Create | Villager (Male) |
| 20:01 | Create | Villager (Male) |
| 20:01 | Create | Villager (Male) |
| 20:01 | Create | Villager (Male) |
| 20:02 | Create | Villager (Male) |
| 20:02 | Create | Villager (Male) |
| 20:02 | Create | Villager (Male) |
| 20:25 | Build | University |
| 20:33 | Create | Villager (Male) |
| 20:33 | Create | Villager (Male) |
| 20:33 | Create | Villager (Male) |
| 20:34 | Create | Villager (Male) |
| 20:34 | Create | Villager (Male) |
| 21:02 | Create | Monk |
| 21:03 | Create | Monk |
| 21:03 | Create | Monk |
| 21:24 | Build | House |
| 21:30 | Build | House |
| 21:31 | Build | House |
| 21:31 | Build | House |
| 21:31 | Build | House |
| 21:32 | Build | House |
| 21:33 | Build | House |
| 21:33 | Build | House |
| 21:34 | Build | House |
| 21:34 | Build | House |
| 21:35 | Build | House |
| 21:51 | Research | Wheelbarrow |
| 21:52 | Research | Town Watch |
| 21:52 | Create | Villager (Male) |
| 21:53 | Create | Villager (Male) |
| 21:53 | Create | Villager (Male) |
| 22:35 | Build | House |
| 22:53 | Research | Fortified Wall (upgrade) |
| 23:09 | Create | Villager (Male) |
| 24:02 | Create | Villager (Male) ×3 |
| 24:03 | Create | Villager (Male) ×3 |
| 24:13 | Build | Town Center |
| 24:19 | Build | Town Center |
| 24:24 | Create | Villager (Male) ×3 |
| 24:43 | Create | Villager (Male) |
| 24:43 | Create | Villager (Male) |
| 24:50 | Build | Farm |
| 24:50 | Build | Farm |
| 24:50 | Build | Farm |
| 24:50 | Build | Farm |
| 24:51 | Build | Farm |
| 24:51 | Build | Farm |
| 24:51 | Build | Farm |
| 24:51 | Build | Farm |
| 24:52 | Build | Farm |
| 24:53 | Build | Farm |
| 24:53 | Build | Farm |
| 24:54 | Build | Farm |
| 24:54 | Build | Farm |
| 24:54 | Build | Farm |
| 24:58 | Create | Villager (Male) |
| 24:58 | Create | Villager (Male) |
| 24:58 | Create | Villager (Male) |
Build order — Souzirou
First 150 of 404 actions detected
| 0:01 | Create | Villager (Male) |
| 0:01 | Create | Villager (Male) |
| 0:01 | Create | Villager (Male) |
| 0:01 | Create | Villager (Male) |
| 0:03 | Build | House |
| 0:04 | Build | House |
| 1:23 | Create | Villager (Male) |
| 1:46 | Build | Lumber Camp |
| 2:04 | Create | Villager (Male) |
| 2:04 | Create | Villager (Male) |
| 2:15 | Create | Villager (Male) |
| 2:15 | Create | Villager (Male) |
| 2:46 | Create | Villager (Male) |
| 3:06 | Create | Villager (Male) |
| 3:07 | Create | Villager (Male) |
| 3:39 | Create | Villager (Male) |
| 3:49 | Build | House |
| 3:58 | Create | Villager (Male) |
| 4:16 | Build | Mill |
| 4:27 | Create | Villager (Male) |
| 4:54 | Create | Villager (Male) |
| 5:17 | Create | Villager (Male) |
| 5:29 | Build | House |
| 5:48 | Create | Villager (Male) |
| 5:48 | Create | Villager (Male) |
| 6:01 | Create | Villager (Male) |
| 6:01 | Create | Villager (Male) |
| 6:07 | Create | Villager (Male) |
| 6:07 | Create | Villager (Male) |
| 6:07 | Create | Villager (Male) |
| 6:15 | Build | House |
| 7:14 | Research | Loom |
| 7:17 | Create | Villager (Male) |
| 7:18 | Create | Villager (Male) |
| 7:40 | Build | Farm |
| 8:04 | Build | Farm |
| 8:23 | Create | Villager (Male) |
| 8:35 | Build | Farm |
| 8:40 | Build | Farm |
| 8:51 | Build | Mining Camp |
| 8:54 | Create | Villager (Male) |
| 9:00 | Build | Farm |
| 9:13 | Research | Loom |
| 9:25 | Research | Feudal Age |
| 9:25 | Research | Feudal Age |
| 9:39 | Build | Farm |
| 9:48 | Build | House |
| 9:56 | Create | Villager (Male) |
| 9:56 | Create | Villager (Male) |
| 10:40 | Build | Farm |
| 10:46 | Build | Farm |
| 11:47 | Age | Feudal Age |
| 11:50 | Build | Market |
| 11:52 | Build | Blacksmith |
| 12:19 | Build | Mining Camp |
| 12:37 | Research | Castle Age |
| 12:38 | Research | Castle Age |
| 12:59 | Research | Horse Collar |
| 13:38 | Research | Double-Bit Axe |
| 13:39 | Research | Double-Bit Axe |
| 13:58 | Build | House |
| 14:48 | Create | Villager (Male) |
| 14:48 | Create | Villager (Male) |
| 15:17 | Age | Castle Age |
| 15:32 | Build | Castle |
| 15:35 | Create | Villager (Male) |
| 15:50 | Build | Town Center |
| 16:10 | Create | Villager (Male) |
| 16:28 | Research | Heavy Plow |
| 16:43 | Create | Villager (Male) |
| 16:55 | Create | Villager (Male) |
| 17:15 | Build | Mining Camp |
| 17:19 | Create | Huskarl |
| 17:19 | Create | Huskarl |
| 17:20 | Create | Huskarl |
| 17:20 | Create | Huskarl |
| 17:34 | Create | Villager (Male) |
| 18:10 | Create | Villager (Male) |
| 18:11 | Create | Villager (Male) |
| 18:23 | Build | House |
| 18:26 | Create | Villager (Male) |
| 18:26 | Create | Villager (Male) |
| 18:49 | Build | Farm |
| 18:51 | Create | Villager (Male) |
| 19:28 | Build | Farm |
| 19:30 | Create | Villager (Male) |
| 19:37 | Build | Mill |
| 20:04 | Research | Bow Saw |
| 20:04 | Research | Bow Saw |
| 20:07 | Build | House |
| 20:17 | Create | Villager (Male) |
| 20:22 | Create | Villager (Male) |
| 20:22 | Create | Villager (Male) |
| 20:44 | Build | House |
| 20:46 | Create | Villager (Male) |
| 20:46 | Create | Villager (Male) |
| 20:47 | Create | Villager (Male) |
| 20:49 | Build | Farm |
| 20:55 | Build | Town Center |
| 21:10 | Create | Villager (Male) |
| 21:10 | Create | Villager (Male) |
| 21:16 | Build | Farm |
| 21:21 | Create | Villager (Male) |
| 21:35 | Build | House |
| 21:45 | Create | Villager (Male) |
| 21:45 | Create | Villager (Male) |
| 21:52 | Build | Lumber Camp |
| 21:54 | Create | Villager (Male) |
| 22:16 | Build | House |
| 22:17 | Create | Villager (Male) |
| 22:18 | Create | Villager (Male) |
| 22:18 | Create | Villager (Male) |
| 22:22 | Build | Farm |
| 22:24 | Create | Villager (Male) |
| 22:24 | Create | Villager (Male) |
| 22:36 | Create | Villager (Male) |
| 22:36 | Create | Villager (Male) |
| 22:56 | Build | Farm |
| 22:59 | Build | Farm |
| 23:00 | Create | Villager (Male) |
| 23:00 | Create | Villager (Male) |
| 23:00 | Create | Villager (Male) |
| 23:02 | Build | House |
| 23:09 | Create | Villager (Male) |
| 23:09 | Create | Villager (Male) |
| 23:23 | Build | Siege Workshop |
| 23:30 | Build | Farm |
| 23:32 | Build | Farm |
| 23:32 | Create | Villager (Male) |
| 23:32 | Create | Villager (Male) |
| 23:36 | Build | House |
| 23:46 | Build | Farm |
| 23:51 | Create | Villager (Male) |
| 23:52 | Create | Villager (Male) |
| 23:52 | Create | Villager (Male) |
| 23:52 | Create | Villager (Male) |
| 24:03 | Build | Farm |
| 24:05 | Create | Villager (Male) |
| 24:10 | Create | Mangonel |
| 24:10 | Create | Mangonel |
| 24:13 | Create | Villager (Male) |
| 24:13 | Create | Villager (Male) |
| 24:15 | Build | House |
| 24:18 | Create | Villager (Male) |
| 24:30 | Create | Huskarl |
| 24:30 | Create | Huskarl |
| 24:33 | Build | Farm |
| 24:36 | Build | Farm |
| 24:38 | Create | Villager (Male) |
| 24:38 | Create | Villager (Male) |
Build order — mikesandwash
First 150 of 214 actions detected
| 0:05 | Build | House |
| 0:06 | Build | House |
| 0:07 | Create | Villager (Male) |
| 0:07 | Create | Villager (Male) |
| 0:07 | Create | Villager (Male) |
| 0:08 | Create | Villager (Male) |
| 1:30 | Create | Villager (Male) |
| 2:08 | Create | Villager (Male) |
| 2:22 | Create | Villager (Male) |
| 2:57 | Create | Villager (Male) |
| 3:09 | Build | Lumber Camp |
| 3:19 | Create | Villager (Male) |
| 3:33 | Create | Villager (Male) |
| 3:46 | Build | House |
| 3:51 | Create | Villager (Male) |
| 4:06 | Create | Villager (Male) |
| 4:24 | Create | Villager (Male) |
| 5:13 | Create | Villager (Male) |
| 5:21 | Build | House |
| 5:33 | Create | Villager (Male) |
| 6:29 | Create | Villager (Male) |
| 6:32 | Create | Villager (Male) |
| 6:50 | Build | Mill |
| 7:26 | Create | Villager (Male) |
| 7:45 | Build | Mill |
| 7:51 | Research | Feudal Age |
| 8:40 | Build | Mining Camp |
| 9:26 | Build | House |
| 9:57 | Create | Villager (Male) |
| 9:58 | Create | Villager (Male) |
| 9:59 | Create | Villager (Male) |
| 9:59 | Create | Villager (Male) |
| 10:01 | Age | Feudal Age |
| 10:08 | Build | Market |
| 11:20 | Build | Blacksmith |
| 11:25 | Create | Villager (Male) |
| 11:55 | Create | Villager (Male) |
| 12:04 | Build | Mining Camp |
| 12:45 | Research | Castle Age |
| 13:16 | Build | House |
| 13:31 | Research | Stone Mining |
| 14:06 | Build | Barracks |
| 15:00 | Build | Farm |
| 15:18 | Build | Stable |
| 15:25 | Age | Castle Age |
| 15:25 | Create | Villager (Male) |
| 15:26 | Research | Loom |
| 15:33 | Build | Farm |
| 16:03 | Build | Castle |
| 16:09 | Create | Knight |
| 16:20 | Build | Farm |
| 16:52 | Build | Farm |
| 17:14 | Create | Knight |
| 17:59 | Build | Mining Camp |
| 18:09 | Create | Villager (Male) |
| 18:16 | Build | Farm |
| 18:16 | Build | Farm |
| 18:47 | Create | Arambai |
| 18:57 | Research | Fletching |
| 19:06 | Build | Farm |
| 19:18 | Create | Villager (Male) |
| 19:34 | Create | Arambai |
| 20:21 | Create | Arambai |
| 20:45 | Build | Castle |
| 22:01 | Create | Villager (Male) |
| 22:02 | Create | Villager (Male) |
| 22:02 | Create | Villager (Male) |
| 22:02 | Create | Villager (Male) |
| 22:02 | Create | Villager (Male) |
| 22:03 | Create | Villager (Male) |
| 22:03 | Create | Villager (Male) |
| 22:14 | Build | Town Center |
| 23:09 | Build | Siege Workshop |
| 23:46 | Build | Lumber Camp |
| 23:54 | Create | Villager (Male) |
| 23:54 | Create | Villager (Male) |
| 23:55 | Create | Villager (Male) |
| 23:55 | Create | Villager (Male) |
| 23:55 | Create | Villager (Male) |
| 23:56 | Create | Villager (Male) |
| 24:29 | Build | Farm |
| 25:05 | Create | Mangonel |
| 25:17 | Build | Farm |
| 25:36 | Build | Farm |
| 25:42 | Create | Villager (Male) |
| 25:42 | Create | Villager (Male) |
| 25:49 | Research | Horse Collar |
| 25:58 | Build | Farm |
| 26:12 | Build | Farm |
| 26:19 | Build | Farm |
| 26:41 | Create | Petard |
| 27:09 | Create | Battle Elephant |
| 27:31 | Build | Stone Wall |
| 28:46 | Build | Castle |
| 29:06 | Build | Siege Workshop |
| 29:53 | Create | Mangonel |
| 29:53 | Create | Mangonel |
| 30:03 | Research | Bodkin Arrow |
| 30:07 | Build | Farm |
| 30:09 | Build | Farm |
| 30:10 | Build | Farm |
| 30:10 | Build | Farm |
| 30:11 | Build | Farm |
| 30:21 | Build | House |
| 30:34 | Build | House |
| 31:47 | Create | Villager (Male) |
| 31:47 | Create | Villager (Male) |
| 31:47 | Create | Villager (Male) |
| 31:47 | Create | Villager (Male) |
| 31:48 | Create | Villager (Male) |
| 31:48 | Create | Villager (Male) |
| 31:49 | Create | Villager (Male) |
| 31:49 | Create | Villager (Male) |
| 31:49 | Create | Villager (Male) |
| 31:49 | Create | Villager (Male) |
| 32:17 | Build | Mining Camp |
| 32:29 | Research | Gold Mining |
| 32:35 | Build | Farm |
| 32:36 | Build | Farm |
| 32:37 | Build | Farm |
| 32:39 | Build | Farm |
| 32:41 | Build | Farm |
| 32:45 | Build | Farm |
| 32:47 | Build | Farm |
| 32:52 | Research | Wheelbarrow |
| 32:56 | Research | Town Watch |
| 32:57 | Create | Villager (Male) |
| 32:58 | Create | Villager (Male) |
| 32:58 | Create | Villager (Male) |
| 32:58 | Create | Villager (Male) |
| 32:59 | Create | Villager (Male) |
| 32:59 | Create | Villager (Male) |
| 32:59 | Create | Villager (Male) |
| 33:00 | Create | Villager (Male) |
| 33:56 | Build | Gate |
| 34:05 | Create | Villager (Male) |
| 34:05 | Create | Villager (Male) |
| 34:05 | Create | Villager (Male) |
| 34:05 | Create | Villager (Male) |
| 34:06 | Create | Villager (Male) |
| 34:06 | Create | Villager (Male) |
| 34:06 | Create | Villager (Male) |
| 34:06 | Create | Villager (Male) |
| 34:07 | Create | Villager (Male) |
| 34:10 | Build | Farm |
| 34:52 | Build | Town Center |
| 35:35 | Build | University |
| 35:42 | Create | Villager (Male) |
| 35:42 | Create | Villager (Male) |
| 35:42 | Create | Villager (Male) |
Build order — 高老头子
First 150 of 326 actions detected
| 0:03 | Create | Villager (Male) |
| 0:03 | Create | Villager (Male) |
| 0:04 | Create | Villager (Male) |
| 0:06 | Build | House |
| 0:09 | Build | House |
| 0:27 | Create | Villager (Male) |
| 1:25 | Build | Lumber Camp |
| 1:28 | Create | Villager (Male) |
| 1:29 | Create | Villager (Male) |
| 2:56 | Create | Villager (Male) |
| 2:56 | Create | Villager (Male) |
| 2:56 | Create | Villager (Male) |
| 3:30 | Create | Villager (Male) |
| 3:30 | Create | Villager (Male) |
| 4:17 | Create | Villager (Male) |
| 4:43 | Create | Villager (Male) |
| 4:43 | Create | Villager (Male) |
| 4:53 | Build | Mill |
| 5:23 | Create | Villager (Male) |
| 5:23 | Create | Villager (Male) |
| 5:23 | Create | Villager (Male) |
| 5:37 | Create | Villager (Male) |
| 5:37 | Create | Villager (Male) |
| 5:37 | Create | Villager (Male) |
| 6:04 | Create | Villager (Male) |
| 6:04 | Create | Villager (Male) |
| 6:05 | Create | Villager (Male) |
| 7:00 | Build | Mill |
| 7:18 | Create | Villager (Male) |
| 7:18 | Create | Villager (Male) |
| 7:18 | Create | Villager (Male) |
| 7:26 | Create | Villager (Male) |
| 7:26 | Create | Villager (Male) |
| 7:57 | Create | Villager (Male) |
| 7:57 | Create | Villager (Male) |
| 8:36 | Build | Mining Camp |
| 8:52 | Create | Villager (Male) |
| 9:49 | Research | Feudal Age |
| 10:01 | Build | House |
| 10:35 | Create | Villager (Male) |
| 10:36 | Create | Villager (Male) |
| 10:36 | Create | Villager (Male) |
| 10:51 | Build | Farm |
| 11:36 | Build | Farm |
| 12:08 | Age | Feudal Age |
| 12:18 | Build | Market |
| 12:29 | Build | Blacksmith |
| 12:37 | Build | Farm |
| 12:49 | Build | Farm |
| 13:03 | Build | Farm |
| 13:14 | Create | Villager (Male) |
| 13:30 | Build | Farm |
| 13:37 | Build | Farm |
| 13:42 | Build | Farm |
| 13:47 | Create | Villager (Male) |
| 14:14 | Research | Castle Age |
| 14:27 | Build | House |
| 14:42 | Research | Double-Bit Axe |
| 14:50 | Research | Horse Collar |
| 15:24 | Build | Farm |
| 15:26 | Build | Farm |
| 15:56 | Research | Stone Mining |
| 16:44 | Build | House |
| 16:47 | Build | House |
| 16:54 | Age | Castle Age |
| 17:18 | Build | Castle |
| 17:31 | Build | Town Center |
| 17:36 | Create | Villager (Male) |
| 17:36 | Create | Villager (Male) |
| 17:36 | Create | Villager (Male) |
| 18:21 | Build | Town Center |
| 18:30 | Create | Villager (Male) |
| 18:30 | Create | Villager (Male) |
| 19:23 | Create | Villager (Male) |
| 19:31 | Build | House |
| 19:34 | Build | House |
| 19:35 | Build | House |
| 19:36 | Build | House |
| 19:55 | Create | Villager (Male) |
| 19:56 | Create | Villager (Male) |
| 19:56 | Create | Villager (Male) |
| 20:00 | Research | Wheelbarrow |
| 20:05 | Create | Villager (Male) |
| 20:06 | Create | Villager (Male) |
| 20:06 | Create | Villager (Male) |
| 20:06 | Create | Villager (Male) |
| 20:12 | Research | Bow Saw |
| 20:32 | Research | Heavy Plow |
| 20:43 | Create | Villager (Male) |
| 20:43 | Create | Villager (Male) |
| 20:46 | Create | Villager (Male) |
| 20:46 | Create | Villager (Male) |
| 21:00 | Build | Farm |
| 21:01 | Build | Farm |
| 21:10 | Build | Farm |
| 21:11 | Build | Farm |
| 21:12 | Build | Farm |
| 21:14 | Build | Farm |
| 21:18 | Create | Villager (Male) |
| 21:19 | Create | Villager (Male) |
| 21:19 | Create | Villager (Male) |
| 21:34 | Build | House |
| 22:04 | Build | Town Center |
| 22:10 | Create | Villager (Male) |
| 22:10 | Create | Villager (Male) |
| 22:16 | Research | Gold Mining |
| 22:26 | Create | Villager (Male) |
| 22:26 | Create | Villager (Male) |
| 22:33 | Build | House |
| 22:38 | Build | House |
| 22:41 | Build | House |
| 22:45 | Build | House |
| 22:47 | Create | Villager (Male) |
| 22:47 | Create | Villager (Male) |
| 22:47 | Create | Villager (Male) |
| 22:47 | Create | Villager (Male) |
| 22:56 | Create | Villager (Male) |
| 22:56 | Create | Villager (Male) |
| 22:56 | Create | Villager (Male) |
| 23:02 | Build | Farm |
| 23:02 | Build | Farm |
| 23:15 | Build | Mill |
| 23:20 | Create | Villager (Male) |
| 23:20 | Create | Villager (Male) |
| 23:28 | Create | Villager (Male) |
| 23:29 | Create | Villager (Male) |
| 23:32 | Create | Villager (Male) |
| 23:32 | Create | Villager (Male) |
| 23:32 | Create | Villager (Male) |
| 24:00 | Build | Farm |
| 24:01 | Build | Farm |
| 24:02 | Build | Farm |
| 24:04 | Build | Farm |
| 24:05 | Build | Farm |
| 24:08 | Build | Farm |
| 24:09 | Build | Farm |
| 24:11 | Build | Farm |
| 24:27 | Build | Mill |
| 24:33 | Create | Villager (Male) |
| 24:33 | Create | Villager (Male) |
| 24:38 | Build | Barracks |
| 24:45 | Build | Farm |
| 24:45 | Build | Farm |
| 24:48 | Create | Villager (Male) |
| 24:48 | Create | Villager (Male) |
| 24:48 | Create | Villager (Male) |
| 24:56 | Build | Farm |
| 24:57 | Build | Farm |
| 24:58 | Build | Farm |
| 24:59 | Build | Farm |
Build order — 泡面型男
First 150 of 168 actions detected
| 0:03 | Create | Villager (Male) ×4 |
| 0:03 | Research | Loom |
| 0:09 | Build | House |
| 0:11 | Build | House |
| 0:14 | Build | House |
| 1:56 | Create | Villager (Male) |
| 1:56 | Create | Villager (Male) |
| 2:43 | Create | Villager (Male) |
| 2:44 | Create | Villager (Male) |
| 3:25 | Create | Villager (Male) |
| 3:53 | Create | Villager (Male) |
| 3:54 | Create | Villager (Male) |
| 4:06 | Create | Villager (Male) |
| 4:07 | Create | Villager (Male) |
| 4:52 | Build | House |
| 5:09 | Create | Villager (Male) |
| 6:06 | Create | Villager (Male) ×4 |
| 6:07 | Create | Villager (Male) ×4 |
| 6:37 | Build | Mill |
| 6:58 | Build | Lumber Camp |
| 7:49 | Create | Villager (Male) ×5 |
| 9:35 | Build | House |
| 9:36 | Build | House |
| 9:48 | Create | Villager (Male) |
| 10:12 | Build | Farm |
| 10:12 | Build | Farm |
| 10:13 | Build | Farm |
| 10:13 | Build | Farm |
| 10:13 | Build | Farm |
| 10:14 | Build | Farm |
| 10:15 | Build | Farm |
| 10:16 | Build | Farm |
| 10:24 | Build | House |
| 10:26 | Build | House |
| 10:36 | Research | Feudal Age |
| 10:36 | Research | Feudal Age |
| 11:07 | Create | Villager (Male) ×3 |
| 11:54 | Create | Villager (Male) |
| 12:01 | Create | Villager (Male) ×4 |
| 12:46 | Age | Feudal Age |
| 12:49 | Research | Horse Collar |
| 12:57 | Research | Double-Bit Axe |
| 14:50 | Create | Villager (Male) ×5 |
| 15:29 | Build | Mining Camp |
| 16:08 | Build | Farm |
| 16:08 | Build | Farm |
| 16:08 | Build | Farm |
| 16:09 | Build | Farm |
| 16:10 | Build | Farm |
| 16:11 | Build | Farm |
| 16:12 | Build | Farm |
| 16:13 | Build | Farm |
| 17:14 | Create | Villager (Male) ×5 |
| 17:40 | Build | Market |
| 17:59 | Build | Blacksmith |
| 19:13 | Research | Castle Age |
| 19:14 | Research | Castle Age |
| 20:03 | Create | Trade Cart ×5 |
| 20:58 | Create | Villager (Male) ×5 |
| 21:25 | Build | House |
| 21:27 | Build | House |
| 21:28 | Build | House |
| 21:30 | Build | House |
| 21:33 | Build | House |
| 21:34 | Build | House |
| 21:36 | Build | House |
| 21:59 | Age | Castle Age |
| 22:06 | Research | Heavy Plow |
| 22:09 | Research | Bow Saw |
| 22:14 | Build | Town Center |
| 22:55 | Build | House |
| 23:13 | Create | Villager (Male) ×5 |
| 23:17 | Create | Villager (Male) ×5 |
| 23:34 | Build | House |
| 24:04 | Build | House |
| 24:06 | Build | House |
| 24:14 | Build | Monastery |
| 24:24 | Create | Villager (Male) ×5 |
| 24:42 | Build | Barracks |
| 24:46 | Build | Barracks |
| 24:47 | Build | Barracks |
| 24:56 | Research | Forging |
| 24:57 | Research | Scale Mail Armor |
| 25:14 | Build | Mining Camp |
| 25:31 | Create | Villager (Male) ×5 |
| 25:52 | Create | Trade Cart ×5 |
| 25:59 | Research | Caravan |
| 26:15 | Research | Fervor |
| 26:27 | Build | University |
| 26:38 | Build | Barracks |
| 26:58 | Create | Villager (Male) ×5 |
| 27:28 | Create | Trade Cart ×5 |
| 27:54 | Build | House |
| 27:56 | Build | House |
| 27:58 | Build | House |
| 28:00 | Build | House |
| 28:01 | Build | House |
| 28:03 | Build | House |
| 28:06 | Build | House |
| 28:17 | Build | Barracks |
| 28:20 | Build | Barracks |
| 28:47 | Research | Imperial Age |
| 29:01 | Create | Villager (Male) ×3 |
| 29:06 | Create | Villager (Male) |
| 29:14 | Create | Villager (Male) |
| 29:22 | Build | Lumber Camp |
| 29:25 | Build | Lumber Camp |
| 30:08 | Build | Castle |
| 30:19 | Create | Villager (Male) ×5 |
| 31:10 | Research | Wheelbarrow |
| 31:50 | Research | Ballistics |
| 31:51 | Research | Chemistry |
| 31:57 | Research | Ballistics |
| 31:57 | Age | Imperial Age |
| 32:06 | Create | Hussite Wagon ×5 |
| 32:09 | Research | Conscription |
| 32:12 | Research | Elite Hussite Wagon (upgrade) |
| 32:31 | Create | Villager (Male) ×4 |
| 32:45 | Research | Two-Man Saw |
| 32:45 | Research | Two-Man Saw |
| 33:28 | Build | Castle |
| 33:44 | Research | Wagenburg Tactics |
| 33:48 | Create | Hussite Wagon ×5 |
| 33:58 | Create | Trade Cart ×5 |
| 34:01 | Create | Trade Cart ×5 |
| 34:21 | Create | Villager (Male) ×4 |
| 34:23 | Create | Villager (Male) |
| 34:24 | Create | Villager (Male) |
| 35:00 | Create | Villager (Male) |
| 35:00 | Create | Villager (Male) |
| 35:02 | Create | Villager (Male) |
| 35:25 | Build | Mining Camp |
| 35:34 | Create | Hussite Wagon ×5 |
| 35:42 | Create | Hussite Wagon ×5 |
| 35:51 | Create | Trade Cart ×5 |
| 36:44 | Build | Mining Camp |
| 36:53 | Create | Villager (Male) ×5 |
| 37:13 | Research | Hand Cart |
| 37:22 | Build | Lumber Camp |
| 37:30 | Create | Hussite Wagon ×5 |
| 37:57 | Create | Hussite Wagon ×5 |
| 38:02 | Create | Hussite Wagon ×5 |
| 38:19 | Build | Castle |
| 38:29 | Build | Siege Workshop |
| 38:31 | Build | Siege Workshop |
| 38:35 | Build | Siege Workshop |
| 38:40 | Build | Siege Workshop |
| 39:11 | Create | Hussite Wagon ×4 |
| 39:17 | Create | Villager (Male) ×5 |
| 39:34 | Create | Trade Cart ×5 |
Build order — AJAAAY
First 150 of 341 actions detected
| 0:03 | Create | Villager (Male) ×4 |
| 0:03 | Create | Villager (Male) ×4 |
| 0:04 | Research | Loom |
| 0:10 | Build | House |
| 0:14 | Build | House |
| 1:42 | Create | Villager (Male) |
| 1:42 | Create | Villager (Male) |
| 2:09 | Create | Villager (Male) ×2 |
| 2:09 | Create | Villager (Male) ×2 |
| 2:33 | Create | Villager (Male) |
| 2:33 | Create | Villager (Male) |
| 2:34 | Create | Villager (Male) |
| 3:05 | Build | Lumber Camp |
| 3:39 | Create | Villager (Male) |
| 3:39 | Create | Villager (Male) |
| 3:40 | Create | Villager (Male) |
| 4:28 | Create | Villager (Male) |
| 4:29 | Create | Villager (Male) |
| 4:34 | Build | House |
| 5:11 | Create | Villager (Male) |
| 5:11 | Create | Villager (Male) |
| 5:12 | Create | Villager (Male) |
| 5:22 | Build | House |
| 5:30 | Create | Villager (Male) |
| 5:30 | Create | Villager (Male) |
| 5:38 | Create | Villager (Male) |
| 5:51 | Create | Villager (Male) |
| 5:52 | Create | Villager (Male) |
| 5:52 | Create | Villager (Male) |
| 6:30 | Build | Mill |
| 6:48 | Create | Villager (Male) |
| 6:48 | Create | Villager (Male) |
| 7:01 | Create | Villager (Male) |
| 7:27 | Build | Mill |
| 8:35 | Build | Mining Camp |
| 9:10 | Research | Feudal Age |
| 10:12 | Build | Mining Camp |
| 11:25 | Age | Feudal Age |
| 11:32 | Create | Villager (Male) ×5 |
| 11:50 | Build | Market |
| 11:57 | Build | Blacksmith |
| 12:10 | Build | House |
| 12:14 | Build | House |
| 12:15 | Build | House |
| 12:16 | Build | House |
| 12:51 | Research | Castle Age |
| 13:21 | Research | Double-Bit Axe |
| 13:34 | Build | House |
| 13:36 | Build | House |
| 13:55 | Create | Villager (Male) |
| 14:27 | Build | Farm |
| 14:28 | Build | Farm |
| 14:49 | Create | Villager (Male) ×2 |
| 15:05 | Build | Farm |
| 15:12 | Build | House |
| 15:20 | Research | Wheelbarrow |
| 15:31 | Age | Castle Age |
| 15:45 | Build | Town Center |
| 15:50 | Build | Town Center |
| 16:24 | Create | Villager (Male) |
| 16:33 | Build | Farm |
| 16:40 | Build | Farm |
| 16:45 | Create | Villager (Male) |
| 16:52 | Build | Farm |
| 17:10 | Build | Farm |
| 17:19 | Create | Villager (Male) |
| 17:33 | Build | Farm |
| 17:45 | Create | Villager (Male) |
| 17:55 | Build | Farm |
| 18:08 | Create | Villager (Male) |
| 18:09 | Create | Villager (Male) |
| 18:25 | Build | Farm |
| 18:25 | Build | Farm |
| 18:27 | Create | Villager (Male) |
| 18:28 | Create | Villager (Male) |
| 18:41 | Create | Villager (Male) |
| 18:56 | Create | Villager (Male) |
| 18:56 | Create | Villager (Male) |
| 19:04 | Build | Farm |
| 19:07 | Build | Farm |
| 19:15 | Build | Farm |
| 19:17 | Build | Farm |
| 19:19 | Build | Farm |
| 19:20 | Build | Farm |
| 19:22 | Build | Farm |
| 19:24 | Build | Farm |
| 19:24 | Build | Farm |
| 19:24 | Build | Farm |
| 19:24 | Build | Farm |
| 19:25 | Build | Farm |
| 19:25 | Build | Farm |
| 19:30 | Create | Villager (Male) ×3 |
| 19:30 | Create | Villager (Male) ×3 |
| 19:51 | Create | Villager (Male) |
| 19:51 | Create | Villager (Male) |
| 19:56 | Create | Villager (Male) |
| 19:56 | Create | Villager (Male) |
| 20:01 | Create | Villager (Male) |
| 20:01 | Create | Villager (Male) |
| 20:07 | Create | Villager (Male) |
| 20:07 | Create | Villager (Male) |
| 20:23 | Create | Villager (Male) |
| 20:24 | Create | Villager (Male) |
| 20:33 | Create | Villager (Male) |
| 20:44 | Build | Farm |
| 20:45 | Build | Farm |
| 20:46 | Build | Farm |
| 20:47 | Build | Farm |
| 20:50 | Create | Villager (Male) ×2 |
| 20:50 | Create | Villager (Male) ×2 |
| 20:58 | Create | Villager (Male) |
| 20:58 | Create | Villager (Male) |
| 21:05 | Build | House |
| 21:06 | Build | House |
| 21:07 | Build | House |
| 21:11 | Create | Villager (Male) ×3 |
| 21:11 | Create | Villager (Male) ×3 |
| 21:46 | Create | Villager (Male) |
| 21:47 | Create | Villager (Male) |
| 21:54 | Create | Villager (Male) |
| 22:04 | Build | Farm |
| 22:05 | Build | Farm |
| 22:06 | Build | Farm |
| 22:07 | Build | Farm |
| 22:08 | Build | Farm |
| 22:10 | Build | Farm |
| 22:11 | Build | Farm |
| 22:12 | Build | Farm |
| 22:24 | Build | Mill |
| 22:27 | Create | Villager (Male) ×5 |
| 22:27 | Create | Villager (Male) ×5 |
| 22:29 | Create | Villager (Male) |
| 22:42 | Create | Villager (Male) ×3 |
| 22:42 | Create | Villager (Male) ×3 |
| 22:56 | Research | Bow Saw |
| 22:57 | Research | Bow Saw |
| 23:00 | Create | Villager (Male) |
| 23:00 | Create | Villager (Male) |
| 23:05 | Build | Farm |
| 23:17 | Build | House |
| 23:23 | Build | Farm |
| 23:28 | Create | Villager (Male) ×2 |
| 23:28 | Create | Villager (Male) ×2 |
| 23:29 | Create | Villager (Male) |
| 23:36 | Build | Lumber Camp |
| 23:39 | Create | Villager (Male) ×3 |
| 23:39 | Create | Villager (Male) ×3 |
| 24:07 | Create | Villager (Male) ×5 |
| 24:08 | Create | Villager (Male) ×5 |
| 24:08 | Create | Villager (Male) |
Build order — 昭昭思林渊
First 150 of 408 actions detected
| 0:02 | Create | Villager (Male) |
| 0:02 | Research | Loom |
| 0:03 | Create | Villager (Male) |
| 0:03 | Create | Villager (Male) |
| 0:03 | Create | Villager (Male) |
| 0:05 | Build | House |
| 0:07 | Build | House |
| 1:34 | Create | Villager (Male) |
| 2:12 | Create | Villager (Male) |
| 2:12 | Create | Villager (Male) |
| 2:26 | Create | Villager (Male) |
| 2:26 | Create | Villager (Male) |
| 2:57 | Create | Villager (Male) |
| 3:04 | Create | Villager (Male) |
| 3:04 | Create | Villager (Male) |
| 3:27 | Create | Villager (Male) |
| 3:27 | Create | Villager (Male) |
| 3:54 | Create | Villager (Male) |
| 3:58 | Create | Villager (Male) |
| 4:09 | Build | House |
| 4:10 | Build | House |
| 4:18 | Build | House |
| 4:19 | Build | House |
| 4:42 | Create | Villager (Male) |
| 4:52 | Create | Villager (Male) |
| 4:52 | Create | Villager (Male) |
| 5:23 | Build | Mill |
| 5:24 | Create | Villager (Male) |
| 5:24 | Create | Villager (Male) |
| 5:26 | Create | Villager (Male) |
| 5:26 | Create | Villager (Male) |
| 5:40 | Create | Villager (Male) |
| 6:17 | Create | Villager (Male) |
| 6:18 | Create | Villager (Male) |
| 6:21 | Create | Villager (Male) |
| 6:21 | Create | Villager (Male) |
| 6:50 | Create | Villager (Male) |
| 6:57 | Create | Villager (Male) |
| 6:57 | Create | Villager (Male) |
| 7:01 | Create | Villager (Male) |
| 7:34 | Build | Lumber Camp |
| 8:20 | Build | House |
| 8:21 | Build | House |
| 8:25 | Create | Villager (Male) |
| 8:26 | Create | Villager (Male) |
| 8:40 | Build | Farm |
| 8:41 | Build | Farm |
| 9:08 | Research | Feudal Age |
| 9:43 | Build | Mining Camp |
| 10:37 | Create | Villager (Male) |
| 10:38 | Create | Villager (Male) |
| 10:38 | Create | Villager (Male) |
| 10:38 | Create | Villager (Male) |
| 11:26 | Age | Feudal Age |
| 11:26 | Research | Double-Bit Axe |
| 11:27 | Research | Horse Collar |
| 11:29 | Create | Villager (Male) |
| 11:32 | Build | Farm |
| 11:33 | Build | Farm |
| 11:34 | Build | Farm |
| 12:21 | Build | Market |
| 12:50 | Build | Farm |
| 13:02 | Create | Villager (Male) |
| 13:09 | Build | Farm |
| 13:33 | Build | Blacksmith |
| 13:39 | Create | Villager (Male) |
| 13:54 | Build | Farm |
| 14:12 | Build | House |
| 14:13 | Build | House |
| 14:14 | Build | House |
| 14:15 | Build | House |
| 14:17 | Create | Villager (Male) |
| 14:19 | Build | Farm |
| 14:37 | Build | Lumber Camp |
| 14:46 | Create | Villager (Male) |
| 14:49 | Build | Farm |
| 14:56 | Create | Villager (Male) |
| 14:59 | Build | Farm |
| 15:37 | Research | Castle Age |
| 15:42 | Build | Mining Camp |
| 16:10 | Build | Barracks |
| 16:35 | Research | Stone Mining |
| 16:36 | Research | Gold Mining |
| 16:52 | Create | Villager (Male) |
| 17:14 | Create | Villager (Male) |
| 17:48 | Create | Spearman |
| 17:48 | Create | Spearman |
| 18:00 | Research | Scale Mail Armor |
| 18:00 | Research | Scale Mail Armor |
| 18:17 | Age | Castle Age |
| 18:21 | Create | Spearman |
| 18:35 | Create | Spearman |
| 18:47 | Build | Siege Workshop |
| 19:07 | Create | Villager (Male) |
| 19:23 | Build | Farm |
| 19:26 | Build | Farm |
| 19:28 | Create | Villager (Male) |
| 19:47 | Build | Castle |
| 19:50 | Create | Mangonel |
| 19:55 | Build | Siege Workshop |
| 19:56 | Create | Villager (Male) |
| 19:57 | Create | Villager (Male) |
| 19:57 | Create | Villager (Male) |
| 19:58 | Build | Farm |
| 20:01 | Create | Villager (Male) |
| 20:26 | Build | Barracks |
| 20:29 | Create | Scorpion |
| 20:30 | Create | Mangonel |
| 20:56 | Create | Spearman |
| 20:56 | Create | Spearman |
| 21:09 | Create | Woad Raider |
| 21:09 | Create | Woad Raider |
| 21:25 | Create | Spearman |
| 21:26 | Create | Spearman |
| 21:34 | Create | Scorpion |
| 21:35 | Create | Scorpion |
| 21:41 | Create | Spearman |
| 21:43 | Create | Spearman |
| 21:53 | Create | Villager (Male) |
| 21:53 | Create | Villager (Male) |
| 22:06 | Build | Town Center |
| 22:13 | Create | Spearman |
| 22:13 | Create | Spearman |
| 22:14 | Create | Villager (Male) |
| 22:14 | Create | Villager (Male) |
| 22:29 | Create | Villager (Male) |
| 22:30 | Create | Villager (Male) |
| 22:42 | Create | Villager (Male) |
| 22:48 | Build | Farm |
| 23:04 | Create | Battering Ram |
| 23:04 | Create | Battering Ram |
| 23:19 | Create | Villager (Male) |
| 23:20 | Create | Villager (Male) |
| 23:20 | Create | Villager (Male) |
| 23:20 | Create | Villager (Male) |
| 23:40 | Create | Battering Ram |
| 23:41 | Create | Battering Ram |
| 23:42 | Create | Villager (Male) |
| 23:43 | Create | Villager (Male) |
| 23:43 | Create | Villager (Male) |
| 23:55 | Research | Pikeman (upgrade) |
| 23:55 | Research | Pikeman (upgrade) |
| 23:56 | Research | Pikeman (upgrade) |
| 24:06 | Create | Villager (Male) |
| 24:21 | Create | Spearman |
| 24:22 | Create | Spearman |
| 24:45 | Create | Spearman |
| 24:46 | Create | Villager (Male) |
| 24:47 | Create | Villager (Male) |
| 24:57 | Build | Farm |
Build order — just_handsome
First 150 of 479 actions detected
| 0:11 | Create | Villager (Male) |
| 0:11 | Create | Villager (Male) |
| 0:12 | Create | Villager (Male) |
| 0:12 | Create | Villager (Male) |
| 0:13 | Build | House |
| 0:15 | Build | House |
| 0:20 | Build | House |
| 1:40 | Create | Villager (Male) |
| 2:13 | Build | Lumber Camp |
| 2:21 | Create | Villager (Male) |
| 2:38 | Create | Villager (Male) |
| 3:21 | Create | Villager (Male) |
| 3:22 | Create | Villager (Male) |
| 3:22 | Create | Villager (Male) |
| 3:53 | Build | House |
| 4:04 | Create | Villager (Male) |
| 4:19 | Create | Villager (Male) |
| 4:23 | Build | House |
| 4:40 | Create | Villager (Male) |
| 5:03 | Build | House |
| 5:29 | Create | Villager (Male) |
| 5:30 | Create | Villager (Male) |
| 5:30 | Create | Villager (Male) |
| 5:30 | Create | Villager (Male) |
| 5:39 | Build | House |
| 5:59 | Create | Villager (Male) |
| 6:24 | Build | Mining Camp |
| 6:52 | Build | Mill |
| 6:53 | Create | Villager (Male) |
| 6:59 | Create | Villager (Male) |
| 6:59 | Create | Villager (Male) |
| 7:34 | Build | Mill |
| 8:28 | Create | Villager (Male) |
| 8:29 | Create | Villager (Male) |
| 9:00 | Research | Feudal Age |
| 9:05 | Build | Farm |
| 9:13 | Build | Farm |
| 10:49 | Create | Villager (Male) |
| 10:49 | Create | Villager (Male) |
| 11:10 | Age | Feudal Age |
| 11:12 | Build | Market |
| 11:31 | Build | Blacksmith |
| 12:34 | Research | Castle Age |
| 13:55 | Research | Double-Bit Axe |
| 14:29 | Research | Horse Collar |
| 15:14 | Age | Castle Age |
| 15:15 | Create | Villager (Male) |
| 15:15 | Create | Villager (Male) |
| 15:19 | Build | Town Center |
| 15:29 | Build | Town Center |
| 15:33 | Build | Monastery |
| 15:51 | Create | Villager (Male) |
| 15:56 | Build | Farm |
| 16:02 | Create | Villager (Male) |
| 16:24 | Build | House |
| 16:25 | Create | Monk |
| 16:38 | Build | Farm |
| 16:40 | Build | Farm |
| 16:44 | Build | Farm |
| 16:46 | Build | Farm |
| 16:47 | Create | Villager (Male) |
| 16:48 | Create | Villager (Male) |
| 16:57 | Build | Farm |
| 17:17 | Build | Farm |
| 17:20 | Build | Farm |
| 17:20 | Create | Villager (Male) |
| 17:24 | Build | House |
| 17:35 | Build | Farm |
| 17:45 | Build | Farm |
| 17:48 | Create | Villager (Male) |
| 17:53 | Build | Farm |
| 17:54 | Create | Villager (Male) |
| 17:54 | Create | Villager (Male) |
| 17:59 | Build | Farm |
| 18:08 | Create | Villager (Male) |
| 18:21 | Create | Monk |
| 18:28 | Create | Villager (Male) |
| 18:28 | Create | Villager (Male) |
| 18:28 | Create | Villager (Male) |
| 18:32 | Build | House |
| 18:34 | Build | House |
| 18:35 | Create | Villager (Male) |
| 18:38 | Build | Farm |
| 18:41 | Build | Farm |
| 18:55 | Build | Farm |
| 18:56 | Create | Villager (Male) |
| 18:56 | Create | Villager (Male) |
| 19:05 | Create | Villager (Male) |
| 19:06 | Create | Villager (Male) |
| 19:06 | Create | Villager (Male) |
| 19:08 | Build | Farm |
| 19:25 | Create | Villager (Male) |
| 19:25 | Create | Villager (Male) |
| 19:32 | Build | House |
| 19:33 | Create | Villager (Male) |
| 19:34 | Create | Villager (Male) |
| 19:34 | Create | Villager (Male) |
| 19:39 | Build | Farm |
| 19:42 | Create | Villager (Male) |
| 19:47 | Build | Farm |
| 19:50 | Build | Farm |
| 19:53 | Create | Villager (Male) |
| 19:53 | Create | Villager (Male) |
| 20:16 | Create | Villager (Male) |
| 20:16 | Create | Villager (Male) |
| 20:17 | Create | Villager (Male) |
| 20:20 | Build | House |
| 20:21 | Build | House |
| 20:21 | Build | House |
| 20:34 | Create | Villager (Male) |
| 20:35 | Create | Villager (Male) |
| 20:43 | Build | Farm |
| 20:46 | Create | Villager (Male) |
| 20:46 | Create | Villager (Male) |
| 20:47 | Create | Villager (Male) |
| 20:54 | Build | House |
| 21:04 | Build | Farm |
| 21:11 | Build | Farm |
| 21:17 | Create | Villager (Male) |
| 21:17 | Create | Villager (Male) |
| 21:18 | Create | Villager (Male) |
| 21:18 | Create | Villager (Male) |
| 21:37 | Build | House |
| 21:38 | Build | House |
| 21:43 | Build | Farm |
| 21:45 | Build | Farm |
| 21:46 | Create | Villager (Male) |
| 21:46 | Create | Villager (Male) |
| 22:10 | Build | Town Center |
| 22:11 | Create | Villager (Male) |
| 22:11 | Create | Villager (Male) |
| 22:12 | Create | Villager (Male) |
| 22:14 | Build | Farm |
| 22:31 | Build | House |
| 22:32 | Build | House |
| 22:37 | Build | Farm |
| 22:53 | Create | Villager (Male) |
| 22:53 | Create | Villager (Male) |
| 22:54 | Create | Villager (Male) |
| 22:55 | Research | Wheelbarrow |
| 23:15 | Build | Farm |
| 23:20 | Research | Bow Saw |
| 23:22 | Create | Villager (Male) |
| 23:22 | Create | Villager (Male) |
| 23:22 | Create | Villager (Male) |
| 23:22 | Create | Villager (Male) |
| 23:23 | Create | Villager (Male) |
| 23:23 | Create | Villager (Male) |
| 23:24 | Create | Villager (Male) |
| 23:24 | Create | Villager (Male) |
Match timeline
| 10:01 | mikesandwash · age_up feudal |
| 11:10 | just_handsome · age_up feudal |
| 11:25 | AJAAAY · age_up feudal |
| 11:26 | 昭昭思林渊 · age_up feudal |
| 11:40 | roganjosh · first_building Barracks |
| 11:47 | Souzirou · age_up feudal |
| 12:08 | 高老头子 · age_up feudal |
| 12:17 | roganjosh · age_up feudal |
| 12:24 | just_handsome · first_market_sell 100 wood |
| 12:26 | just_handsome · first_market_buy 100 food |
| 12:37 | mikesandwash · first_market_buy 100 food |
| 12:42 | mikesandwash · first_market_sell 100 wood |
| 12:46 | 泡面型男 · age_up feudal |
| 14:06 | mikesandwash · first_building Barracks |
| 14:20 | roganjosh · first_building Stable |
| 15:11 | Souzirou · first_market_sell 100 wood |
| 15:14 | just_handsome · age_up castle |
| 15:15 | Souzirou · first_market_buy 100 stone |
| 15:17 | Souzirou · age_up castle |
| 15:18 | mikesandwash · first_building Stable |
| 15:25 | mikesandwash · age_up castle |
| 15:31 | AJAAAY · age_up castle |
| 15:32 | Souzirou · first_building Castle |
| 15:33 | just_handsome · first_building Monastery |
| 16:03 | mikesandwash · first_building Castle |
| 16:10 | 昭昭思林渊 · first_building Barracks |
| 16:54 | 高老头子 · age_up castle |
| 17:18 | 高老头子 · first_building Castle |
| 17:44 | roganjosh · wall_segment Stone Wall x7 |
| 17:57 | roganjosh · age_up castle |
| 18:17 | 昭昭思林渊 · age_up castle |
| 18:18 | roganjosh · first_building Monastery |
| 18:35 | 泡面型男 · first_market_sell 500 food |
| 18:47 | 昭昭思林渊 · first_building Siege Workshop |
| 19:47 | 昭昭思林渊 · first_building Castle |
| 20:45 | 昭昭思林渊 · first_market_sell 100 wood |
| 21:59 | 泡面型男 · age_up castle |
| 23:09 | mikesandwash · first_building Siege Workshop |
| 23:23 | Souzirou · first_building Siege Workshop |
| 24:14 | 泡面型男 · first_building Monastery |
| 24:38 | 高老头子 · first_building Barracks |
| 24:42 | 泡面型男 · first_building Barracks |
| 24:59 | AJAAAY · first_building Monastery |
| 25:14 | Souzirou · first_building Barracks |
| 25:33 | roganjosh · first_building Castle |
| 25:56 | 高老头子 · first_building Stable |
| 26:07 | just_handsome · first_building Barracks |
| 26:48 | AJAAAY · first_building Barracks |
| 27:14 | just_handsome · first_building Stable |
| 27:31 | mikesandwash · wall_segment Stone Wall x13 |
| 28:04 | AJAAAY · first_building Siege Workshop |
| 28:40 | AJAAAY · first_building Castle |
| 28:52 | AJAAAY · first_building Archery Range |
| 29:00 | AJAAAY · age_up imperial |
| 29:08 | just_handsome · first_building Archery Range |
| 29:11 | just_handsome · age_up imperial |
| 29:24 | 高老头子 · age_up imperial |
| 30:08 | 泡面型男 · first_building Castle |
| 30:25 | just_handsome · first_building Castle |
| 30:32 | Souzirou · age_up imperial |
| 30:54 | roganjosh · first_building Siege Workshop |
| 31:57 | 泡面型男 · age_up imperial |
| 33:35 | roganjosh · age_up imperial |
| 37:08 | 高老头子 · first_building Siege Workshop |
| 37:34 | 昭昭思林渊 · age_up imperial |
| 37:57 | roganjosh · first_building Archery Range |
| 38:29 | 泡面型男 · first_building Siege Workshop |
| 40:16 | just_handsome · wall_segment Stone Wall x11 |
| 40:58 | just_handsome · first_building Siege Workshop |
| 41:45 | mikesandwash · age_up imperial |
| 41:59 | AJAAAY · tribute_sent a jugador 1 |
| 41:59 | AJAAAY · tribute_sent a jugador 2 |
| 41:59 | AJAAAY · tribute_sent a jugador 3 |
| 41:59 | AJAAAY · tribute_sent a jugador 4 |
| 41:59 | AJAAAY · tribute_sent a jugador 5 |
| 41:59 | AJAAAY · tribute_sent a jugador 7 |
| 41:59 | AJAAAY · tribute_sent a jugador 8 |
| 43:37 | AJAAAY · resign |
[ AI ANALYSIS · 1 CREDIT ]
What really happened in this match?
Wolo.gg analyzes every decision: build order, eco, micro, common mistakes by bracket. Personalized analysis on WhatsApp or Discord in 30 seconds.
Civ guide
Lithuanians
Map guide
Arena
Perfil
Jugador #10316821